 Dungeon Crawl Stone Soup version 0.30-a0-141-g30f27751c5 (webtiles) character file.

Game seed: 15646855469968897779

390 themarg the Insei (level 7, -2/47 HPs)
             Began as a Djinni Transmuter on Sept 25, 2022.
             Was an Initiate of Nemelex Xobeh.
             Slain by a gnoll
             ... wielding a +0 whip
             ... led by a gnoll sergeant
              (3 damage)
             ... on level 5 of the Dungeon.
             The game lasted 00:13:20 (5438 turns).

themarg the Insei (Djinni Transmuter)               Turns: 5438, Time: 00:13:21

Health: -2/47      AC:  2    Str:  9    XL:     7   Next: 7%
Gold:   235        EV: 20    Int: 16    God:    Nemelex Xobeh [......] SH:  0 Dex: 19

rFire   . . .      SeeInvis .      - Unarmed
rCold   . . .      Faith    .    (shield currently unavailable)
rNeg    + . .      Spirit   .    (body armour currently unavailable)
rPois   ∞          Reflect  .    (helmet currently unavailable)
rElec   .          Harm     .    (cloak currently unavailable)
rCorr   .          Rampage  .    (gloves currently unavailable)
Will    .....                    (boots unavailable)
Stlth   +++.......               (no amulet)
HPRegen 0.15/turn                k - ring of positive energy
MPRegen 0.00/turn                (no ring)

@: spider-form (expiring), wereblooded, flying
A: venomous fangs, flying, sickness immunity, tiny, (fire resistance 2), (cold
vulnerability 1), float, innate caster, HP casting, extra vitality 1
a: End Transformation, Renounce Religion, Draw Escape, Draw Destruction, Draw
Summoning


You were on level 5 of the Dungeon.
You worshipped Nemelex Xobeh.
Nemelex Xobeh was noncommittal.
You were a venomous arachnid creature.
You visited 2 branches of the dungeon, and saw 6 of its levels.

You collected 235 gold pieces.

Inventory:

Hand Weapons
 g - a +0 short sword
 q - the +8 dagger of the Priest (melded) {freeze, Str+4}
   (You found it on level 3 of the Dungeon)

   It freezes those it strikes, dealing additional cold damage.
   It can also slow down cold-blooded creatures.
   Str:       It affects your strength (+4).
Missiles
 w - a throwing net
Armour
 a - a +0 robe (melded)
 o - a +0 pair of gloves (melded)
 t - a +1 helmet (melded)
 y - a +0 cloak (melded)
Jewellery
 k - a ring of positive energy (left front leg)
 u - a ring of wizardry
Wands
 p - a wand of iceblast (10)
Scrolls
 d - a scroll of noise {unknown}
 f - 2 scrolls of identify
 h - 4 scrolls of teleportation
 m - a scroll of fear {unknown}
 x - a scroll of enchant weapon {unknown}
 A - a scroll of enchant armour {unknown}
Potions
 b - 2 potions of lignification
 c - 3 potions of magic
 e - a potion of heal wounds {unknown}
 i - a potion of mutation {unknown}
 j - 4 potions of curing
 l - a potion of invisibility {unknown}
 n - 4 potions of attraction
 r - a potion of berserk rage {unknown}
 s - a potion of flight {unknown}
 v - 2 potions of degeneration {unknown}
 z - a potion of haste {unknown}


   Skills:
 - Level 1.1 Fighting
 - Level 2.5 Dodging
 - Level 3.0 Stealth
 + Level 4.8 Unarmed Combat
 + Level 3.3 Spellcasting


You couldn't memorise any spells.
You knew the following spells:

 Your Spells              Type           Power      Damage    Failure   Level
a - Beastly Appendage     Tmut           26%        N/A       14%         1
b - Wereblood             Tmut           13%        N/A       19%         2
c - Spider Form           Tmut/Pois      13%        N/A       32%         3
d - Ice Form              Ice/Tmut       13%        N/A       63%         4
e - Necrotise             Necr           52%        1d6       14%         1
f - Ensorcelled Hibernat  Hex/Ice        26%        N/A       19%         2
g - Swiftness             Air            13%        N/A       32%         3
Your spell library was empty.

Dungeon Overview and Level Annotations

Branches:
Dungeon (5/15)             Temple (1/1) D:5

Altars:
Cheibriados
Dithmenos
Elyvilon
Fedhas
Gozag
Hepliaklqana
Nemelex Xobeh
Okawaru
Qazlal
Ru
Trog
Uskayaw
Xom
Yredelemnul
Zin


Innate Abilities, Weirdness & Mutations

You are a venomous arachnid creature.
You have poisonous fangs.
You are tiny and dextrous.
You are flying.
Your spellcasting is less reliable in this form.
Your armour is entirely melded.
You are incapable of wielding weapons or throwing items.
You are immune to sickness and miasma.
You are immune to poison.
((Your flesh is very heat resistant. (rF++)))
((You are vulnerable to cold. (rC-)))
You float through the air rather than walking.
You learn spells naturally, not from books.
Your magical power is your life essence.
You have superior vitality. (+4 MHP)


Message History

The gnoll misses you. The gnoll sergeant barely misses you.
You barely miss the gnoll. The gnoll hits you with a +0 spear.
The gnoll sergeant hits you from afar with a +3 spear of freezing.
The gnoll sergeant freezes you.
The gnoll shouts!
You hit the gnoll.
The gnoll is poisoned.
The gnoll is lightly wounded.
The gnoll misses you. The gnoll sergeant barely misses you.
You bite the gnoll!
The gnoll looks as sick as possible!
The gnoll is severely wounded.
You feel a bit better.
You kill the gnoll!
The gnoll sergeant closely misses you.
You hit the gnoll.
The gnoll is moderately wounded.
The gnoll hits you with a +0 club.
The gnoll sergeant hits you from afar with a +3 spear of freezing!
The gnoll sergeant freezes you.
You hit the gnoll.
The gnoll is poisoned.
The gnoll is severely wounded.
You feel a bit better.
You kill the gnoll!
The gnoll sergeant hits you from afar with a +3 spear of freezing!
* * * LOW HITPOINT WARNING * * *
The gnoll sergeant freezes you.
* * * LOW HITPOINT WARNING * * *
You hit the gnoll.
The gnoll is poisoned.
The gnoll is lightly wounded.
The gnoll closely misses you.
The gnoll sergeant hits you from afar with a +3 spear of freezing.
* * * LOW HITPOINT WARNING * * *
The gnoll sergeant freezes you.
* * * LOW HITPOINT WARNING * * *
You hiss as the wereblood boils in your veins!
Your transformation is almost over.
You hit the gnoll.
The gnoll is moderately wounded.
The gnoll hits you with a +0 whip.
You die...
Your body disappears without a glow.

#..... #.#### #.# #.#
######### # #.# #.......#
.# #.# #.......# ..# #.#
#.......#######...###
#.####
#...........sgg......
#.....
#.......#######...###
#..... ######(.# ..# #.....
##.## ####### #.####
####..######8...8######.#
#......#...#.....#...##.#
#...####...8....>....8....#
..# ###...#.....#...##.# #
#####8...8######.#


You could see a gnoll sergeant and a gnoll (very poisoned).

Vanquished Creatures
  A scorpion (D:4)
  Natasha (D:2)
  Terence (D:3)
  3 orc wizards
  6 gnolls
  2 adders
  A shadow imp (D:5)
  3 worms
  7 dart slugs
  12 orcs
  4 bats
  7 endoplasms
  15 giant cockroaches
  6 goblins
  5 hobgoblins
  5 kobolds
  3 quokkas
  5 ball pythons
  3 frilled lizards
  2 rats
92 creatures vanquished.

Notes
Turn   | Place    | Note
-------+----------+-------------------------------------------
     0 | D:1      | themarg the Djinni Transmuter began the quest for the Orb.
     0 | D:1      | themarg set off with the following spells memorised:
                  | Beastly Appendage, Wereblood, Spider Form, Ice Form.
     0 | D:1      | Reached XP level 1. HP: 17/17 MP: 0/0
   120 | D:1      | Found a faded altar of an unknown god.
   738 | D:1      | Reached XP level 2. HP: 20/22 MP: 0/0
   970 | D:1      | Reached XP level 3. HP: 16/27 MP: 0/0
   970 | D:1      | Learned a level 1 spell: Necrotise
  1462 | D:2      | Found a snail-covered altar of Cheibriados.
  1464 | D:2      | Noticed Natasha
  1578 | D:2      | Reached skill level 1 in Stealth
  2288 | D:2      | Killed Natasha
  2289 | D:2      | Reached XP level 4. HP: 16/32 MP: 0/0
  2980 | D:3      | Noticed Terence
  2987 | D:3      | Killed Terence
  2988 | D:3      | Reached XP level 5. HP: 34/37 MP: 0/0
  2988 | D:3      | Learned a level 2 spell: Ensorcelled Hibernation
  3060 | D:3      | Reached skill level 4 in Unarmed Combat
  3305 | D:3      | Identified the +8 dagger of the Priest {freeze, Str+4}
  3383 | D:3      | Reached XP level 6. HP: 12/42 MP: 0/0
  5072 | D:4      | Reached XP level 7. HP: 47/47 MP: 0/0
  5072 | D:4      | Learned a level 3 spell: Swiftness
  5254 | D:5      | Entered Level 5 of the Dungeon
  5338 | D:5      | Found a staircase to the Ecumenical Temple.
  5347 | Temple   | Entered the Ecumenical Temple
  5379 | Temple   | Became a worshipper of Nemelex Xobeh the Trickster
  5436 | D:5      | HP: 2/47 [gnoll sergeant/+3 spear of freezing (4)]
  5438 | D:5      | Slain by a gnoll

Illustrated notes

Levels and vault maps discovered:
D:1:      amcnicky_arrival_gap_in_the_tavern_cellar, layout_loops_corners,
          ebering_ecumenical_altar_abandoned, hangedman_decor_growths,
          glass_columns_a, minmay_crystal_room, st_stairs_5,
          minmay_misc_feat_more_columns
D:2:      minmay_wonky_spiral, layout_loops_corners, basic_altar,
          serial_bayou_pond_e, st_stairs_9, minmay_split_cup_small, uniq_natasha
D:3:      minmay_roachtagon, layout_loops_ring, uniq_terence
D:4:      layout_basic, serial_park_tiny_1
D:5:      layout_basic, minmay_temple_entry_antechambers,
          gammafunk_ghost_abyssal_escape, uniq_prince_ribbit1
Temple:   sentei_temple_godly_chess

Skill      XL: |  1  2  3  4  5  6 |
---------------+-------------------+-----
Spellcasting   | 2 3 |  3.3
Stealth        | 1 2 3 |  3.0
Unarmed Combat | 4 |  4.8
Fighting       | |  1.1
Dodging        | |  2.5

Action                   |  1- 3 |  4- 6 |  7- 9 || total
-------------------------+-------+-------+-------++-------
Melee: Unarmed           |    63 |    92 |    13 ||   168
       Headbutt          |    16 |     4 |       ||    20
       Short sword       |    34 |    25 |       ||    59
       Punch             |     3 |     3 |       ||     6
       Dagger            |       |    24 |       ||    24
 Cast: Beastly Appendage |    21 |    16 |       ||    37
       Spider Form       |     1 |    16 |     2 ||    19
       Wereblood         |       |     3 |     1 ||     4
       Ensorcelled Hiber |       |     1 |       ||     1
  Use: Scroll            |       |     4 |       ||     4
 Stab: Sleeping          |     2 |     5 |       ||     7
Armor: Robe              |    11 |    12 |       ||    23
       Skin              |     1 |     5 |       ||     6
Dodge: Dodged            |    64 |   122 |    12 ||   198

Table legend: (Time is in decaauts)
 A = Elapsed time spent in this place.
 B = Non-inter-level travel time spent in this place.
 C = Inter-level travel time spent in this place.
 D = Time resting spent in this place.
 E = Time spent auto-exploring this place.
 F = Levels seen in this place.
 G = Mean time per level.
                   A        B        C        D        E       F      G
               +--------+--------+--------+--------+--------+-----+--------+
         Total |   5427 |   5342 |     85 |   1686 |   2870 |   6 |  904.5 |
       Dungeon |   5387 |   5302 |     85 |   1686 |   2870 |   5 | 1077.4 |
        Temple |     39 |     39 |      0 |      0 |      0 |   1 |   39.0 |
               +--------+--------+--------+--------+--------+-----+--------+

Top non-repeatable levels by time:
     D:3: 1509 daAuts
     D:1: 1457 daAuts
     D:2: 1179 daAuts
     D:4: 1098 daAuts
     D:5: 143 daAuts
  Temple: 39 daAuts
